 Dungeon Crawl Stone Soup version 0.20-a0-700-gbd4582c (webtiles) character file.

141982 graki42 the Eclecticist (level 16, -5/81 HPs)
             Began as a Deep Elf Fire Elementalist on Feb 20, 2017.
             Was a High Priest of Vehumet.
             Killed from afar by a shock serpent (19 damage)
             ... with a bolt of electricity
             ... on level 3 of the Snake Pit.
             The game lasted 03:32:05 (35030 turns).

graki42 the Eclecticist (DEFE)                     Turns: 35030, Time: 03:32:16

Health: -5/81      AC:  9    Str:  8    XL:     16   Next: 79%
Magic:  21/42      EV: 17    Int: 28    God:    Vehumet [*****.]
Gold:   448        SH:  0    Dex: 15    Spells: 20/55 levels left

rFire    + . .     SeeInvis .   l - +11 mace "Fuek" {drain, +Inv}
rCold    x . .     Gourm    .   q - +2 robe {MR+}
rNeg     . . .     Faith    .   (no shield)
rPois    +         Spirit   .   v - +0 helmet {Int+3}
rElec    .         Reflect  .   w - +0 cloak
rCorr    .         Harm     .   o - +2 pair of gloves
MR       ++...                  (no boots)
Stlth    +++.......             m - amulet of regeneration
Regen    0.7/turn               D - ring of fire
MPRegen  0.3/turn               f - ring of poison resistance

@: very slightly contaminated, invisible
A: no striking features
a: Renounce Religion, Turn Visible


You were on level 3 of the Snake Pit.
You worshipped Vehumet.
Vehumet was extremely pleased with you.
You were near starving.

You visited 5 branches of the dungeon, and saw 24 of its levels.
You also visited: Sewer and Ice Cave.

You collected 2249 gold pieces.
You spent 1801 gold pieces at shops.

Inventory:

Hand Weapons
 l - the +11 mace "Fuek" (weapon) {drain, +Inv}
   (You found it on level 5 of the Lair of Beasts)

   A truly terrible weapon, it drains the life of those it strikes.
   It lets you turn invisible.
 u - a +7 blowgun
Missiles
 d - 45 poisoned needles
 A - 4 throwing nets (quivered)
Armour
 o - a +2 pair of gloves (worn)
 q - a +2 robe of magic resistance (worn)
 v - a +0 helmet of intelligence (worn)
 w - a +0 cloak (worn)
 G - a +2 robe of fire resistance
Jewellery
 f - a ring of poison resistance (left hand)
 m - an amulet of regeneration (around neck)
 D - a ring of fire (right hand)
 F - a cursed ring of loudness {unknown}
 L - an uncursed ring of stealth {unknown}
 O - an uncursed ring of protection from cold
 P - an uncursed ring of see invisible
 Q - the ring "Liciathoru" {Fire rPois MR- Stlth+}
   (You found it on level 4 of the Lair of Beasts)

   [ring of fire]

   It enhances your fire magic.
   It protects you from fire.
   It makes you vulnerable to cold.
   It protects you from poison.
   It affects your resistance to hostile enchantments.
   It makes you more stealthy.
Wands
 a - a wand of paralysis (9/24)
 p - a wand of polymorph (13/24)
 B - a wand of polymorph (12/24)
 Y - a wand of digging (17/24)
Scrolls
 b - a scroll of summoning
 e - 4 scrolls of fog
 n - 3 scrolls of remove curse
 s - 4 scrolls of teleportation
 y - 4 scrolls of amnesia
 z - 2 scrolls of enchant armour
 C - a scroll of brand weapon {unknown}
 H - 2 scrolls of enchant weapon
 J - 4 scrolls of identify
 M - a scroll of magic mapping
 T - 2 scrolls of blinking
Potions
 h - 4 potions of cancellation
 i - a potion of resistance
 j - 2 potions of ambrosia
 k - 9 potions of flight
 r - 2 potions of magic
 t - 3 potions of might
 x - 4 potions of haste
 E - 12 potions of curing
 K - a potion of heal wounds
 U - 6 potions of brilliance
Comestibles
 c - 13 bread rations
 g - 34 fruits


   Skills:
 + Level 2.6 Fighting
   Level 3.0 Short Blades
 + Level 0.1 Maces & Flails
 + Level 7.3 Dodging
 + Level 5.7 Stealth
 + Level 20.2 Spellcasting
 + Level 15.6 Conjurations
 + Level 6.0 Hexes
 + Level 15.1 Fire Magic
 + Level 12.6 Earth Magic
 * Level 7.0 Evocations


You had 20 spell levels left.
You knew the following spells:

 Your Spells              Type           Power        Failure   Level  Hunger
a - Flame Tongue          Conj/Fire      #####        0%          1    None
b - Conjure Flame         Conj/Fire      ########     0%          3    None
c - Inner Flame           Hex/Fire       #######.     1%          3    None
d - Sticky Flame          Conj/Fire      ########     1%          4    None
e - Fireball              Conj/Fire      ########..   1%          5    None
f - Fulminant Prism       Conj/Hex       ######....   1%          4    None
g - Orb of Destruction    Conj           #######...   1%          7    ####...
h - Blink                 Tloc           N/A          1%          2    None
i - Iron Shot             Conj/Erth      #######...   1%          6    None


Dungeon Overview and Level Annotations

Branches:
Dungeon (12/15)            Temple (1/1) D:5            Lair (6/6) D:9
  Swamp (0/4) Lair:3        Snake (3/4) Lair:4        Slime (0/5) Lair:5
    Orc (2/2) D:9             Elf (0/3) Orc:2

Altars:
Ashenzari
Cheibriados
Dithmenos
Elyvilon
Fedhas
Gozag
Hepliaklqana Ieoh Jian
Kikubaaqudgha
Makhleb
Nemelex Xobeh
Okawaru
Qazlal
Ru
Sif Muna
Trog
Uskayaw
Vehumet
Xom
Yredelemnul
Zin
The Shining One

Shops:
Orc:2 *?%*?   Snake:1 =}=

Annotations:
D:8 nht's ghost, journeyman TrFi


Message History

Aim: a shock serpent (hasn't noticed you)
The iron shot misses the shock serpent.
The shock serpent hisses angrily.
The shock serpent shoots out a bolt of lightning at you!
The bolt of electricity hits you!
You fade into invisibility!
You are very lightly contaminated with residual magic.
You are near starving!
The shock serpent shoots out a bolt of lightning at you!
The bolt of electricity hits you! x2
* * * LOW HITPOINT WARNING * * *
Things that are here:
a stone; a shortbow of flaming; 18 arrows
As you read the scroll of fear, it crumbles to dust.
You assume a fearsome visage.
The shock serpent resists with almost no effort.
The shock serpent hisses angrily.
The shock serpent shoots out a bolt of lightning at you!
The bolt of electricity hits you!
You die...

#....?).).# #...
#..)..))..# #...
#..)......# #...
#.)).)....### #...
#.(..)).)...###...
##)##......#.)).#..
#(..#....).........
#.S)#..............
###@##.).)..###....#
##.((#####...#<#...##
##)###### #...###..##
#)##....####)........
#)#.####.##...........
#.#.#..##.#...........
#.#.#<#.#[########....
#.#.###.#.# ...
#.##...##.# ..


You could see a shock serpent.

Vanquished Creatures
  A nagaraja (Snake:3)
  An orc warlord (Orc:2)
  Harold (D:10)
  8 hydras
  13 naga warriors
  3 catoblepae
  12 anacondas
  16 two-headed ogres
  A deep troll shaman (Lair:6)
  4 death yaks
  4 ogre magi (Orc:2)
  A tengu warrior (D:11)
  5 shock serpents
  6 naga sharpshooters
  The ghost of nht the Grappler, a novice TrFi of Qazlal (D:6)
  3 salamander mystics
  An unseen horror (D:10)
  7 naga ritualists
  2 orc knights
  A lindwurm (Lair:5)
  Pikel (D:7)
  The ghost of graki42 the Thaumaturge, a novice DEFE of Vehumet (D:7)
  A necromancer (IceCv)
  12 mana vipers
  9 oklob plants
  2 orc sorcerers (Orc:1)
  19 salamanders
  An ugly thing (D:11)
  2 manticores (Lair:5)
  5 guardian serpents (Snake:3)
  36 black mambas
  10 elephants
  8 naga magi
  3 ice statues (IceCv)
  Joseph (D:10)
  A gargoyle (D:9)
  15 spiny frogs
  4 rime drakes
  6 komodo dragons
  8 ice devils (IceCv)
  A queen bee (Lair:5)
  4 trolls
  3 meliai (Lair:5)
  2 polar bears
  Grinder (D:3)
  9 hippogriffs
  6 blink frogs
  7 dream sheep (Lair:6)
  4 wyverns
  58 yaks
  5 basilisks
  Menkaure (D:7)
  7 wargs
  32 nagas
  12 water moccasins
  13 porcupines
  17 orc warriors
  4 black bears
  2 sky beasts
  4 ice beasts
  A necrophage (D:7)
  35 ogres
  4 phantoms
  An eye of draining (D:10)
  9 wolves
  13 crocodiles
  3 centaurs
  2 big kobolds
  17 bullfrogs
  5 scorpions
  40 killer bees
  2 centaur zombies
  5 crimson imps
  2 draconian simulacra (IceCv)
  A quasit (D:6)
  2 jellies
  3 hounds
  15 orc priests
  4 bullfrog skeletons
  A centaur skeleton (D:4)
  A gnoll shaman (D:4)
  4 iguanas
  Ijyb (D:2)
  27 orc wizards
  10 worker ants
  2 troll simulacra (IceCv)
  A killer bee zombie (D:10)
  2 centaur simulacra (IceCv)
  2 hound skeletons
  9 gnolls (D:4)
  7 adders
  A naga simulacrum (IceCv)
  3 ogre simulacra (IceCv)
  A river rat (Lair:5)
  4 shadow imps
  An ooze (D:2)
  A worm zombie (D:6)
  5 adder skeletons
  3 worms
  2 dart slugs
  7 leopard geckos
  63 orcs
  A ball python (D:4)
  9 giant cockroaches
  12 hobgoblins
  13 jackals
  17 kobolds
  5 quokkas
  4 bats
  3 frilled lizards
  9 goblins
  A jackal skeleton (D:5)
  2 leopard gecko skeletons (D:4)
  10 rats
  2 bushes
  2 fulminant prisms
  6 fungi
  8 plants
854 creatures vanquished.

Vanquished Creatures (others)
  A human (D:4)
  A jelly (D:7)
  A bush (Lair:5)
  55 fulminant prisms
  31 fungi
  10 plants
99 creatures vanquished.

Grand Total: 953 creatures vanquished

Notes
Turn   | Place    | Note
-------+----------+-------------------------------------------
     0 | D:1      | graki42 the Deep Elf Fire Elementalist began the quest for the Orb.
     0 | D:1      | Reached XP level 1. HP: 10/10 MP: 6/6
   395 | D:1      | Reached XP level 2. HP: 15/15 MP: 5/8
   898 | D:2      | Reached skill level 4 in Spellcasting
   898 | D:2      | Reached XP level 3. HP: 19/19 MP: 6/10
   949 | D:2      | Noticed Ijyb
   956 | D:2      | Killed Ijyb
   963 | D:2      | Learned a level 3 spell: Conjure Flame
   967 | D:2      | Learned a level 3 spell: Inner Flame
  1060 | D:2      | Reached XP level 4. HP: 24/24 MP: 9/12
  1593 | D:3      | Noticed Grinder
  1730 | D:3      | Killed Grinder
  1730 | D:3      | Reached skill level 5 in Spellcasting
  1730 | D:3      | Reached XP level 5. HP: 24/28 MP: 0/14
  1730 | D:3      | Reached XP level 6. HP: 28/32 MP: 0/15
  2023 | D:3      | Found a snail-covered altar of Cheibriados.
  2053 | D:3      | Found a sparkling altar of Nemelex Xobeh.
  2451 | D:3      | Reached skill level 1 in Hexes
  2462 | D:3      | Learned a level 4 spell: Sticky Flame
  2468 | D:3      | Learned a level 5 spell: Fireball
  2604 | D:4      | Reached skill level 5 in Fire Magic
  2677 | D:4      | Found a glowing drain.
  2689 | Sewer    | Entered a sewer
  2850 | Sewer    | Reached skill level 6 in Spellcasting
  2937 | Sewer    | Found a white marble altar of Elyvilon.
  3005 | D:4      | Found an ancient bone altar of Kikubaaqudgha.
  3017 | D:4      | Reached XP level 7. HP: 36/36 MP: 13/18
  3036 | D:4      | Noticed a human
  3037 | D:4      | Killed a human
  3552 | D:4      | Reached skill level 7 in Spellcasting
  3711 | D:4      | Found an ornate altar of the Ieoh Jian Council.
  3762 | D:4      | Reached skill level 5 in Conjurations
  4051 | D:5      | Entered Level 5 of the Dungeon
  4064 | D:5      | Found a sacrificial altar of Ru.
  4212 | D:5      | Reached XP level 8. HP: 41/41 MP: 13/21
  4378 | D:5      | Reached skill level 8 in Spellcasting
  4561 | D:5      | Reached skill level 1 in Short Blades
  5088 | D:5      | Found a staircase to the Ecumenical Temple.
  5095 | Temple   | Entered the Ecumenical Temple
  5102 | Temple   | Became a worshipper of Vehumet
  5229 | D:6      | Found a sand-covered staircase.
  5291 | D:6      | Reached skill level 9 in Spellcasting
  5305 | D:6      | Reached skill level 1 in Fighting
  5404 | D:6      | Found an ancient bone altar of Kikubaaqudgha.
  5699 | D:6      | Reached XP level 9. HP: 47/47 MP: 9/24
  5827 | D:6      | Noticed nht's ghost (novice TrFi)
  5851 | D:6      | Killed nht's ghost
  5851 | D:6      | Reached * piety under Vehumet
  5851 | D:6      | Offered knowledge of Sting by Vehumet.
  5851 | D:6      | Reached skill level 10 in Spellcasting
  6648 | D:7      | Noticed graki42's ghost (novice DEFE)
  6680 | D:7      | Killed graki42's ghost
  6680 | D:7      | Reached skill level 11 in Spellcasting
  6750 | D:7      | Noticed Pikel
  6772 | D:7      | Killed Pikel
  6772 | D:7      | Reached XP level 10. HP: 49/52 MP: 13/27
  7101 | D:7      | Noticed Menkaure
  7104 | D:7      | Killed Menkaure
  7592 | D:8      | Offered knowledge of Magic Dart by Vehumet.
  7640 | D:8      | Reached ** piety under Vehumet
  7932 | D:8      | Noticed nht's ghost (journeyman TrFi)
  8228 | D:9      | Reached skill level 5 in Dodging
  8228 | D:9      | Reached skill level 12 in Spellcasting
  8531 | D:9      | Found a staircase to the Orcish Mines.
  8681 | D:9      | Found a staircase to the Lair.
  8974 | D:9      | Offered knowledge of Ignite Poison by Vehumet.
  9131 | D:9      | Noticed a gargoyle
  9209 | D:9      | Killed a gargoyle
  9544 | D:10     | Entered Level 10 of the Dungeon
  9614 | D:10     | Noticed Joseph
  9702 | D:10     | Killed Joseph
  9702 | D:10     | Reached skill level 5 in Stealth
  9702 | D:10     | Reached skill level 13 in Spellcasting
  9702 | D:10     | Reached XP level 11. HP: 48/57 MP: 23/30
  9727 | D:10     | Noticed a two-headed ogre
  9787 | D:10     | Reached skill level 10 in Fire Magic
  9790 | D:10     | Reached *** piety under Vehumet
 10302 | D:10     | Noticed an unseen horror
 10304 | D:10     | Killed an unseen horror
 10344 | D:10     | Noticed Harold
 10445 | D:10     | Killed Harold
 10636 | D:10     | Offered knowledge of Fulminant Prism by Vehumet.
 10739 | D:10     | Reached skill level 10 in Conjurations
 11067 | Lair:1   | Entered Level 1 of the Lair of Beasts
 11102 | Lair:1   | Learned a level 4 spell: Fulminant Prism
 11140 | Lair:1   | Reached skill level 14 in Spellcasting
 12403 | Lair:2   | Noticed a catoblepas
 12423 | Lair:2   | Killed a catoblepas
 12895 | Lair:2   | Reached XP level 12. HP: 17/62 MP: 15/32
 13653 | Lair:3   | Reached skill level 15 in Spellcasting
 13828 | Lair:3   | Noticed an eight-headed hydra
 13833 | Lair:3   | Killed an eight-headed hydra
 14195 | Lair:3   | Found a staircase to the Swamp.
 14891 | Lair:4   | Found a labyrinth entrance.
 14982 | Lair:4   | Found a staircase to the Snake Pit.
 14991 | Lair:4   | Reached **** piety under Vehumet
 15166 | Lair:4   | Noticed a five-headed hydra
 15181 | Lair:4   | Offered knowledge of Force Lance by Vehumet.
 15181 | Lair:4   | Reached skill level 16 in Spellcasting
 15185 | Lair:4   | Killed a five-headed hydra
 15346 | Lair:4   | Got a slimy copper ring
 15348 | Lair:4   | Identified the ring "Liciathoru" {Fire rPois MR- Stlth+} (You found it on level 4 of the Lair of Beasts)
 15504 | Lair:5   | Noticed a six-headed hydra
 15508 | Lair:5   | Killed a six-headed hydra
 15644 | Lair:6   | Entered Level 6 of the Lair of Beasts
 15728 | Lair:5   | Noticed a six-headed hydra
 15731 | Lair:5   | Killed a six-headed hydra
 15880 | Lair:5   | Reached XP level 13. HP: 31/66 MP: 19/35
 16327 | Orc:1    | Entered Level 1 of the Orcish Mines
 16356 | D:9      | Reached skill level 5 in Hexes
 16375 | Orc:1    | Reached ***** piety under Vehumet
 16485 | Orc:1    | Found a frozen archway.
 16493 | IceCv    | Entered an ice cave
 16503 | IceCv    | Offered knowledge of Poison Arrow by Vehumet.
 16973 | IceCv    | Reached skill level 17 in Spellcasting
 18580 | Lair:5   | HP: 1/67 [queen bee (13)]
 19050 | Lair:5   | Offered knowledge of Orb of Destruction by Vehumet.
 19227 | Lair:5   | Found a staircase to the Slime Pits.
 19920 | Lair:6   | Learned a level 7 spell: Orb of Destruction
 19990 | Lair:6   | Reached XP level 14. HP: 72/72 MP: 27/37
 20163 | Lair:6   | Reached skill level 18 in Spellcasting
 22716 | Lair:5   | Offered knowledge of Bolt of Magma by Vehumet.
 22736 | Lair:5   | Got a slimy mace
 22938 | Lair:1   | Identified the +11 mace "Fuek" {drain, +Inv} (You found it on level 5 of the Lair of Beasts)
 22954 | Lair:1   | Learned a level 2 spell: Blink
 23604 | Orc:1    | Reached skill level 1 in Evocations
 23629 | Orc:1    | Reached skill level 19 in Spellcasting
 23962 | Orc:2    | Entered Level 2 of the Orcish Mines
 24157 | Orc:2    | Noticed an orc warlord
 25508 | Orc:2    | Reached XP level 15. HP: 76/76 MP: 26/40
 25903 | Orc:1    | Reached ****** piety under Vehumet
 26630 | Orc:2    | Killed an orc warlord
 26781 | Orc:2    | Offered knowledge of Iron Shot by Vehumet.
 26789 | Orc:2    | Learned a level 6 spell: Iron Shot
 27007 | Orc:2    | Reached skill level 1 in Earth Magic
 27108 | Orc:2    | Found Nidduac's General Store.
 27288 | Orc:2    | Found Koosuocef's Food Emporium.
 27288 | Orc:2    | Found Rufai's Magic Scroll Boutique.
 27289 | Orc:2    | Found Ommeoc's Magic Scroll Shop.
 27289 | Orc:2    | Found Xaces's Assorted Antiques.
 27298 | Orc:2    | Bought a scroll labeled REAG IPATE for 27 gold pieces
 27319 | Orc:2    | Found a staircase to the Elven Halls.
 27547 | Orc:2    | Bought a scroll of summoning for 133 gold pieces
 27547 | Orc:2    | Bought a scroll of acquirement for 728 gold pieces
 27547 | Orc:2    | Bought a scroll of amnesia for 49 gold pieces
 27550 | Orc:2    | Bought an engraved book for 405 gold pieces
 27550 | Orc:2    | Identified Omoohi's Almanac of Unstable Creation (You bought it in a shop on level 2 of the Orcish Mines)
 27550 | Orc:2    | Bought 3 scrolls of amnesia for 283 gold pieces
 27551 | Orc:2    | Bought a scroll of blinking for 120 gold pieces
 27551 | Orc:2    | Bought a scroll of fear for 56 gold pieces
 27734 | Snake:1  | Entered Level 1 of the Snake Pit
 28219 | Snake:1  | Reached skill level 5 in Earth Magic
 29125 | Snake:1  | Found Kauble's Jewellery Boutique.
 29183 | Snake:1  | Found Ulodew Kiva's Gadget Shoppe.
 29184 | Snake:1  | Found Naewn's Jewellery Boutique.
 30480 | Snake:2  | Reached skill level 10 in Earth Magic
 31829 | Snake:3  | Reached XP level 16. HP: 78/81 MP: 24/41
 32771 | Snake:3  | Reached skill level 15 in Conjurations
 32772 | Snake:3  | Reached skill level 5 in Evocations
 33205 | Snake:3  | Offered knowledge of Bolt of Cold by Vehumet.
 33864 | Snake:3  | Reached skill level 20 in Spellcasting
 34031 | Snake:3  | Reached skill level 15 in Fire Magic
 35030 | Snake:3  | Killed from afar by a shock serpent

Vault maps used:
D:1:      kilobyte_arrival_exit_the_forest, serial_park_tiny_1
D:2:      uniq_iyjb
D:3:      nemelex_xobeh_ov_fountains_minmay, cheibriados_altar_1,
          solitary_fountain, minmay_gold_behind_fungi, hangedman_feature_mirror,
          grunt_ministairs_10, uniq_grinder
D:4:      lemuel_coloured_pillars_altar, first_bread, gup_sewer_entry_pipe,
          tgw_kikubaaqudgha
D:5:      nicolae_ru_sacrificial_ziggurat, temple_green
D:6:      enter_ossuary_3, basic_altar
D:7:      hangedman_abyss_or_decor_stagger, uniq_menkaure, uniq_pikel
D:9:      minmay_lair_entry_grove, minmay_orc_entry_guard_dogs
D:10:     uniq_joseph, uniq_harold
D:11:     grunt_tengu_nest, minmay_statues_item
D:12:     uniq_erolcha, uniq_maurice
Temple:   nicolae_temple_no_exploring_needed
Lair:1:   serial_bayou_ford_a
Lair:2:   lemuel_fruit_fields
Lair:3:   swamp_mist
Lair:4:   dpeg_oklob_gauntlet, guppyfry_snake_entry_garden, lab_entry_generic,
          columned_hall_lemuel, minmay_lair_oklob_chamber, lemuel_fruit_fields
Lair:5:   hangedman_what_comes_after_a, dpeg_slime_entry_corner,
          grunt_forest_small_clearings
Lair:6:   grunt_lair_end_beastmaster, grunt_megastairs_5
Snake:1:  cheibrodos_snake_lava_hold, minmay_shop_grove
Snake:3:  cheibrodos_forgotten_conduit, stair_cage_open, grunt_ministairs_1,
          nicolae_coiled_stairwell_up, serial_bayou_shore_b
Orc:1:    portal_ice_cave_entry_pillars_2
Orc:2:    st_orc_ogre_mass, serial_shops, shop
Sewer:    sewer_kobolds
IceCv:    ice_cave_tombish

Skill      XL: |  1  2  3  4  5  6  7  8  9 10 11 12 13 14 15 16 |
---------------+-------------------------------------------------+-----
Spellcasting   | 4 5 6 7 9 11 13 14 16 17 19 20 | 20.2
Conjurations   | 2 3 4 5 6 7 9 10 12 13 14 15 | 15.6
Fire Magic     | 4 5 6 8 9 11 12 13 14 15 | 15.1
Dodging        | 3 4 5 6 7 |  7.3
Hexes          | 1 2 3 4 5 6 |  6.0
Stealth        | 3 4 5 |  5.7
Short Blades   | 1 2 3 |  3.0
Fighting       | 1 2 |  2.6
Evocations     | 3 4 7 |  7.0
Earth Magic    | 10 12 | 12.6
Maces & Flails | |  0.1

Action                   |  1- 3 |  4- 6 |  7- 9 | 10-12 | 13-15 | 16-18 || total
-------------------------+-------+-------+-------+-------+-------+-------++-------
Melee: Short sword       |       |       |    60 |    51 |     2 |       ||   113
       Mace              |       |       |       |       |     1 |       ||     1
 Cast: Flame Tongue      |    47 |   112 |   228 |   362 |   212 |     5 ||   966
       Inner Flame       |       |     3 |    11 |     7 |     3 |     2 ||    26
       Conjure Flame     |       |     3 |    14 |    16 |     5 |       ||    38
       Sticky Flame      |       |       |     3 |    69 |    68 |     6 ||   146
       Fireball          |       |       |       |    59 |   328 |   108 ||   495
       Fulminant Prism   |       |       |       |    21 |    36 |       ||    57
       Orb of Destructio |       |       |       |       |    52 |     6 ||    58
       Iron Shot         |       |       |       |       |    42 |    59 ||   101
       Blink             |       |       |       |       |     3 |       ||     3
 Abil: Evoke Invisibilit |       |       |       |       |     4 |     2 ||     6
Evoke: Wand              |       |       |       |     1 |     5 |       ||     6
  Use: Scroll            |       |    11 |    10 |    14 |    24 |     1 ||    60
       Potion            |       |       |     3 |     3 |     5 |       ||    11
 Stab: Sleeping          |       |       |       |     3 |       |       ||     3
  Eat: Chunk             |       |     6 |    11 |    25 |    37 |     6 ||    85
       Fruit             |       |       |       |     3 |    14 |     4 ||    21
       Meat ration       |       |       |       |     1 |     2 |       ||     3
       Royal jelly       |       |       |       |       |     2 |       ||     2
Armor: Robe              |     4 |    17 |    35 |    27 |    37 |     2 ||   122
Dodge: Dodged            |     3 |    34 |    76 |   199 |   173 |    22 ||   507
